 Dungeon Crawl Stone Soup version 0.30.1-3-gfc49f6343a (webtiles) character file.

Game seed: 8658278487273576326

48 monsoonserge the Shield-Bearer (level 3, -3/36 HPs)
             Began as a Troll Fighter on Aug 8, 2023.
             Slain by Edmund
             ... wielding a +5 flail of protection
              (11 damage)
             ... on level 4 of the Dungeon.
             The game lasted 00:03:49 (2097 turns).

monsoonserge the Shield-Bearer (Troll Fighter)      Turns: 2097, Time: 00:03:49

Health: -3/36      AC:  4    Str: 24    XL:     3   Next: 50%
Magic:  2/2        EV:  8    Int:  6    God:
Gold:   132        SH: 12    Dex:  9    Spells: 2/2 levels left

rFire   . .          .
                       - Unarmed
rCold   . . .        b - +0 kite shield
rNeg    . . .        a - +0 robe
rPois   .            (helmet restricted)
rElec   .            (no cloak)
rCorr   .            (gloves unavailable)
SInv    .            (boots unavailable)
Will    .....        h - amulet of reflection
Stlth   +            (no ring)
HPRegen 1.06/turn    (no ring)
MPRegen 0.08/turn

%: reflection
@: mighty
A: large, unfitting armour, claws 3, regeneration 1, shaggy fur 1, tough skin 1
a: no special abilities


You were on level 4 of the Dungeon.
You visited 1 branch of the dungeon, and saw 4 of its levels.

You collected 232 gold pieces.
You spent 100 gold pieces at shops.

Inventory:

Missiles
 s - 5 poisoned darts (quivered)
Armour
 a - a +0 robe (worn)
 b - a +0 kite shield (worn)
Jewellery
 h - an amulet of reflection (around neck)
Wands
 n - a wand of iceblast (1)
Scrolls
 d - 4 scrolls of identify {unknown}
 j - a scroll of acquirement {unknown}
 l - a scroll of amnesia {unknown}
 p - a scroll of butterflies {unknown}
 q - a scroll of enchant armour {unknown}
 t - a scroll of teleportation {unknown}
 u - a scroll of enchant weapon {unknown}
 v - a scroll of magic mapping {unknown}
Potions
 e - 2 potions of mutation {unknown}
 f - a potion of curing {unknown}
 g - a potion of haste
 i - a potion of heal wounds {unknown}
 k - a potion of flight {unknown}
 m - a potion of magic {unknown}
 o - a potion of lignification {unknown}
 r - a potion of degeneration {unknown}


   Skills:
 + Level 2.8 Fighting
 - Level 2.4 Dodging
 + Level 3.1 Shields
 * Level 3.1 Unarmed Combat


You had 2 spell levels left.
You didn't know any spells.
Your spell library contained the following spells:

 Spells                   Type           Power      Damage    Failure   Level
 Sting                    Tmut/Pois      0%         1d3       73%         1
 Poisonous Vapours        Pois/Air       0%         N/A       86%         2
 Olgreb's Toxic Radiance  Pois           0%         N/A       100%        4


Dungeon Overview and Level Annotations

Branches:
Dungeon (4/15)
 Temple: D:4-7

Altars:
Okawaru

Shops:
D:1 !

Annotations:
D:4 Edmund, Ijyb


Innate Abilities, Weirdness & Mutations

You are too large for most types of armour.
You have claws for hands.
Your natural rate of healing is unusually fast.
You are covered in fur. (AC +1)
You have tough skin. (AC +1)


Message History

Unknown command.
You barely miss Edmund.
Edmund hits you with a +5 flail of protection!
You closely miss Edmund. You block Edmund's attack.
You scratch Edmund but do no damage.
Edmund hits you with a +5 flail of protection.
You barely miss Edmund. You block Edmund's attack.
You scratch Edmund.
Edmund is lightly wounded.
You block Edmund's attack.
Edmund says, "People accused me of being a cutpurse!"
You block Edmund's attack.
You barely miss Edmund.
Edmund is lightly wounded.
Edmund hits you with a +5 flail of protection.
You barely miss Edmund.
Edmund is lightly wounded.
Edmund hits you with a +5 flail of protection.
Ijyb the Twisted Goblin comes into view.
She is wielding a +0 club and carrying a wand of flame (18).
Ijyb shouts!
You scratch Edmund.
Edmund is lightly wounded.
Edmund hits you with a +5 flail of protection!
You feel very mighty all of a sudden. Edmund barely misses you.
You scratch Edmund.
Edmund is lightly wounded.
Edmund closely misses you.
You closely miss Edmund.
Edmund is lightly wounded.
Edmund hits you with a +5 flail of protection!
* * * LOW HITPOINT WARNING * * *
You closely miss Edmund.
Edmund is lightly wounded.
Edmund gestures with his flail.
Edmund completely misses you.
You claw Edmund!
Edmund is heavily wounded.
Edmund hits you with a +5 flail of protection!
You die...

#........#. ####
##.......... #..#
#..........# ##.#
#..........# #.##
#.....?....#
#..###...g(.....#
#....#...@......#
#....##..@<....#
##
#....###......##
.#
#....###.#.####
## #....#...#.#
#....#.##..# ####
#....#.# $## ...#
#....#.# .#
##.#####......#
##
>.........##.##


You could see Edmund and Ijyb.

Vanquished Creatures
  A worm (D:2)
  3 endoplasms
  4 giant cockroaches
  5 goblins
  7 hobgoblins
  A quokka (D:4)
  2 ball pythons
  4 bats
  A frilled lizard (D:1)
  3 kobolds
  11 rats
42 creatures vanquished.

Notes
Turn   | Place    | Note
-------+----------+-------------------------------------------
     0 | D:1      | monsoonserge the Troll Fighter began the quest for the Orb.
     0 | D:1      | Reached XP level 1. HP: 22/22 MP: 0/0
   104 | D:1      | Reached XP level 2. HP: 29/29 MP: 1/1
   287 | D:1      | Found Uraos's Distillery.
   478 | D:1      | Bought a potion of haste for 100 gold pieces
   922 | D:2      | Reached XP level 3. HP: 33/36 MP: 2/2
  1096 | D:3      | Found a faded altar of an unknown god.
  1959 | D:4      | Found an iron altar of Okawaru.
  2080 | D:4      | Noticed Edmund
  2091 | D:4      | Noticed Ijyb
  2097 | D:4      | Slain by Edmund

Illustrated notes

Levels and vault maps discovered:
D:1:      eino_arrival_druids_welcome, layout_basic, serial_shops,
          nicolae_shop_statue_plus, minmay_misc_feat_secret_circle
D:2:      layout_basic
D:3:      layout_loops_corners, nicolae_ecumenical_pavilion,
          chequers_mini_garden
D:4:      layout_rooms, mainiacjoe_overflow_tiny_flanked,
          minmay_temple_entry_fiery, serial_curves, eino_curves_03,
          eino_curves_04, chequers_garden, uniq_edmund, uniq_ijyb

Skill      XL: |  1  2  3 |
---------------+----------+-----
Shields        | 3 |  3.1
Unarmed Combat | 3 |  3.1
Fighting       | |  2.8
Dodging        | |  2.4

Action                     || total
---------------------------++-------
  Melee: Unarmed           ||   119
  Throw: Dart              ||     1
    Use: Potion            ||     1
 Armour: Robe              ||    20
  Dodge: Dodged            ||    31
  Block: Kite shield       ||    55
